Map: Ruins of Seras

Players

FireCake - Winner!

  • Race: Zerg Zerg
  • League: Grandmaster

MyuNgSiK

  • Race: Protoss Protoss

Event: Gauntlet LotV Series 1 Qualifier 2

VOD

Have the link to the VOD?

Description

Time

  • Played on: Dec. 5, 2015, 4:56 p.m.
  • Length: 4:27

All games in this series

Show
View Real Time Build Order
Export as new Build Order

FireCake Zerg - Winner!

Build Orders: Pool First 

Get SALT Encoding   

  12  0:00  Drone  
  13  0:09  Drone  
  14  0:18  Overlord  
  14  0:24  Extractor  
  14  0:25  Drone  
  15  0:36  Drone x2  
  17  0:47  Spawning Pool  
  17  0:49  Drone  
  17  0:52  Extractor  
  16  1:13  Hatchery  
  16  1:16  Drone  
  16  1:21  Drone  
  17  1:34  Queen  
  17  1:38  Zergling x2  
  20  1:43  Zergling x2  
  20  1:45  Zergling x2  
  22  1:54  Metabolic Boost  
  22  1:59  Overlord  
  22  2:11  Extractor  
  21  2:17  Queen  
  21  2:20  Zergling x4  
  26  2:27  Zergling x4  
  28  2:35  Zergling x2  
  29  2:40  Zergling x2  
  30  2:46  Zergling x8  
  34  2:58  Overlord  
  34  3:01  Zergling x4  
  35  3:09  Overlord  
  35  3:19  Zergling x10  
  39  3:24  Zergling x2  
  40  3:32  Zergling x6  
  42  3:36  Zergling x2  
  42  3:40  Overlord  
  40  3:52  Zergling x4  
  39  4:01  Zergling x4  
  40  4:08  Zergling x10  
Show
View Real Time Build Order
Export as new Build Order

MyuNgSiK Protoss 

Build Orders: 1 Gate Expand 

Get SALT Encoding   

  12  0:01  Probe (Chrono Boost)  
  13  0:11  Probe (Chrono Boost)  
  14  0:18  Pylon  
  14  0:23  Probe (Chrono Boost)  
  15  0:36  Probe (Chrono Boost)  
  15  0:39  Gateway  
  16  0:47  Probe (Chrono Boost)  
  16  0:48  Assimilator  
  17  0:57  Probe (Chrono Boost)  
  18  1:08  Probe (Chrono Boost)  
  20  1:18  Probe (Chrono Boost)  
  20  1:27  Nexus  
  20  1:37  Cybernetics Core  
  20  1:40  Probe (Chrono Boost)  
  21  1:48  Assimilator  
  21  1:51  Probe (Chrono Boost)  
  22  1:59  Pylon  
  22  2:01  Probe (Chrono Boost)  
  23  2:13  Warp Gate  
  23  2:17  Probe (Chrono Boost), Adept  
  26  2:28  Mothership Core (Chrono Boost)  
  27  2:41  Probe (Chrono Boost)  
  28  2:44  Adept  
  28  2:47  Probe (Chrono Boost)  
  28  2:50  Pylon  
  31  2:56  Probe (Chrono Boost), Pylon  
  31  2:57  Probe (Chrono Boost)  
  33  3:07  Probe (Chrono Boost)  
  33  3:08  Probe (Chrono Boost)  
  35  3:17  Gateway  
  35  3:20  Gateway  
  33  3:27  Pylon  
  33  3:28  Pylon  
  33  3:34  Sentry (Chrono Boost)  
  21  3:51  Probe  
Tags
 
Add a new tag
Caveats
  • Supply blocks, unpowered buildings, or Contaminate may cause inaccurate times.
  • Supply counts are checked every 10 seconds.